 Dungeon Crawl Stone Soup version 0.29.0-13-gc9e81de378 (webtiles) character file.

Game seed: 5147560416153011980

5772 trckry the Grappler (level 10, 0/66 (70) HPs)
             Began as a Demonspawn Fighter on Sept 7, 2022.
             Was a Priest of Ru.
             Slain by a wolf (3 damage)
             ... led by Grum
             ... on level 9 of the Dungeon on Sept 8, 2022.
             The game lasted 00:20:12 (8139 turns).

trckry the Grappler (Demonspawn Fighter)            Turns: 8139, Time: 00:20:12

HP:   0/66 (70)     AC: 13    Str: 19    XL:     10   Next: 49%
MP:   10/10         EV:  9    Int: 15    God:    Ru [***...]
Gold: 633           SH:  5    Dex: 11    Spells: 9/9 levels left

rFire   x . .      SeeInvis .     - Unarmed
rCold   + + .      Faith    .   c - +0 buckler
rNeg    . . .      Spirit   .   m - +1 ice dragon scales
rPois   .          Reflect  .   (helmet restricted)
rElec   .          Harm     .   (no cloak)
rCorr   .          Rampage  .   (no gloves)
Will    .....                   (no boots)
Stlth   ..........              w - amulet of regeneration
HPRegen 1.01/turn               s - ring of flight
MPRegen 0.12/turn               (no ring)

@: lethally poisoned (0 -> -4), exhausted, flying, drained, invisible, unable to
read
A: claws 2, hooves 1, horns 1, demonic guardian 1, inability to read after
injury 2, weak-willed 1, disrupted magic 1, demonic magic 2, clever 1, sense
surroundings 1
a: Renounce Religion, Draw Out Power


You were on level 9 of the Dungeon.
You worshipped Ru.
Ru was most pleased with you.
You visited 2 branches of the dungeon, and saw 11 of its levels.

You collected 633 gold pieces.

Inventory:

Hand Weapons
 x - the +7 hand axe "Dragonslayer" {venom, Will+}
   (You found it on level 4 of the Dungeon)

   It poisons the flesh of those it strikes.
   Will:      It increases your willpower.
Missiles
 b - a throwing net
 u - 35 poisoned darts (quivered)
Armour
 c - a +0 buckler (worn)
 m - +1 ice dragon scales (worn)
Jewellery
 i - an amulet of guardian spirit
 j - a ring of positive energy
 s - a ring of flight (left claw)
 w - an amulet of regeneration (around neck)
 y - a ring of ice
 z - a ring of protection from fire
Wands
 f - a wand of flame (13)
 r - a wand of iceblast (4)
Scrolls
 h - 3 scrolls of teleportation
 n - a scroll of enchant armour
 p - a scroll of enchant weapon
 q - 5 scrolls of identify
 v - 2 scrolls of magic mapping
 B - a scroll of fog
 C - 2 scrolls of blinking
Potions
 a - a potion of brilliance
 d - a potion of might
 g - a potion of flight
 l - a potion of resistance
 o - 4 potions of magic
 t - a potion of invisibility
 A - 2 potions of mutation


   Skills:
 - Level 3.0 Fighting
 - Level 5.0 Maces & Flails
 + Level 7.5 Armour
 + Level 7.5 Shields
 * Level 9.5 Unarmed Combat


You had 9 spell levels left.
You didn't know any spells.
Your spell library contained the following spells:

 Spells                   Type           Power      Damage    Failure   Level
 Freeze                   Ice            0%         1d3       80%         1
 Slow                     Hex            0%         N/A       80%         1
 Poisonous Vapours        Pois/Air       0%         N/A       90%         2
 Confusing Touch          Hex            0%         N/A       98%         3
 Frozen Ramparts          Ice            0%         1d1       98%         3
 Ignite Poison            Fire/Tmut/Pois 0%         N/A       98%         3
 Mephitic Cloud           Conj/Pois/Air  0%         N/A       98%         3
 Vampiric Draining        Necr           0%         2d6       98%         3
 Animate Dead             Necr           0%         N/A       100%        4
 Corpse Rot               Necr/Pois/Air  0%         N/A       100%        4
 Hailstorm                Conj/Ice       0%         3d3       100%        4
 Freezing Cloud           Conj/Ice/Air   0%         6-21      100%        5
 Haunt                    Necr/Summ      0%         N/A       100%        7
 Infestation              Necr           0%         N/A       100%        8
 Chain Lightning          Conj/Air       0%         N/A       100%        9
 Fire Storm               Conj/Fire      0%         5d1       100%        9
 Shatter                  Erth           0%         3d5*      100%        9


Dungeon Overview and Level Annotations

Branches:
Dungeon (10/15) Zot: 26798  Temple (1/1) D:4 Zot: 5810
   Lair: D:8-11         Orc: D:9-12

Altars:
Ashenzari
Cheibriados
Dithmenos
Fedhas
Gozag
Hepliaklqana
Kikubaaqudgha
Makhleb
Nemelex Xobeh
Okawaru
Qazlal
Ru
Sif Muna
Trog
Uskayaw
Vehumet
Wu Jian
Xom
Yredelemnul

Shops:
D:9 (

Annotations:
D:9 2 transporters
D:10 Grum


Innate Abilities, Weirdness & Mutations

You have very sharp fingernails.
You have large cloven feet.
You have a pair of small horns on your head.
A weak demonic guardian rushes to your aid.
You sometimes lose the ability to read scrolls when taking damage.
You are slightly weak-willed. (Will-)
Your casting is slightly disrupted.
Spells you cast may paralyse nearby enemies.
Your mind is acute. (Int +4, Str/Dex -1)
You passively map a small area around you.


Message History

The killer bee stings you.
You are poisoned.
The killer bee poisons you!
The killer bee closely misses your quasit.
Your quasit bites the killer bee but does no damage.
Your quasit closely misses the killer bee. x2
You take 3 damage, and have 21/66 hp.
You closely miss the warg.
The warg is heavily wounded.
You feel sick. The killer bee stings you.
* * * LOW HITPOINT WARNING * * *
The killer bee stings your quasit. You block the wolf's attack.
The warg bites you!
* * * LOW HITPOINT WARNING * * *
Your quasit bites the killer bee.
Your quasit claws the killer bee.
Your quasit closely misses the killer bee.
The killer bee stings you.
* * * LOW HITPOINT WARNING * * *
You are lethally poisoned!
The killer bee poisons you!
The killer bee completely misses your quasit.
You take 13 damage, and have 8/66 hp.
Okay, then.
You barely miss the warg. Your kick misses the warg.
The warg is heavily wounded.
* * * LOW HITPOINT WARNING * * *
You feel very sick. You block the wolf's attack.
The killer bee barely misses you. The warg bites you but does no damage.
The killer bee misses your quasit.
Your quasit barely misses the killer bee.
Your quasit claws the killer bee but does no damage.
Your quasit claws the killer bee.
The wolf bites you but does no damage.
You take 3 damage, and have 5/66 hp.
You fade into invisibility!
* * * LOW HITPOINT WARNING * * *
You feel very sick.
Your quasit dies!
Your quasit disappears in a puff of smoke!
The killer bee barely misses you. The wolf bites you.
You die...

####.#.# #...<#.# #.##.#.#
#########.##.#.# ##########
#.......#.##.#.#######.........
##.####.#....#[##..............
#.##.#.######oy..####.........
#....#.#....h.y..## #.........
####.#.#.####@hy..# #.........
#.#.#.# ####..# #.........
#.#...#######..###.........
#.#####....##...##.........
#..........###..[)#########
#.#####....# ####...### ###
#....# #.#...##### #....#
#.###.#.... #.)..######.#
#.'....


You could see a warg, a wolf, 3 killer bees and an orc (unable to see you).

Vanquished Creatures
  Pikel (D:8)
  Joseph (D:8)
  Psyche (D:8)
  Sigmund (D:3)
  A vampire (D:9)
  A yak (D:9)
  A wraith (D:10)
  A wyvern (D:9)
  2 water moccasins (D:7)
  Duvessa (D:7)
  An ice beast (D:7)
  3 black bears
  An orc warrior (D:6)
  2 sky beasts (D:7)
  A wolf (D:10)
  A centaur (D:6)
  A phantom (D:7)
  A lemure (D:8)
  3 kobold brigands
  2 bullfrogs
  3 scorpions
  2 necrophages
  14 wights
  Dowan (D:7)
  6 killer bees
  3 howler monkeys
  An electric eel (D:6)
  3 hounds
  3 jellies
  3 orc priests
  A gnoll bouda (D:4)
  An iguana (D:5)
  7 orc wizards
  Robin (D:3)
  10 gnolls
  10 adders
  3 white imps
  3 worms
  2 dart slugs
  21 orcs
  5 endoplasms
  3 giant cockroaches
  14 goblins
  9 hobgoblins
  6 jackals (D:1)
  19 kobolds
  5 ball pythons
  6 bats
  4 frilled lizards
  4 rats
200 creatures vanquished.

Vanquished Creatures (collateral kills)
  A phantom (D:5)
  A killer bee (D:9)
  A jelly (D:4)
  A gnoll (D:4)
  An orc (D:9)
5 creatures vanquished.

Vanquished Creatures (others)
  A kobold (D:8)
1 creature vanquished.

Grand Total: 206 creatures vanquished

Notes
Turn   | Place    | Note
-------+----------+-------------------------------------------
     0 | D:1      | trckry the Demonspawn Fighter began the quest for the Orb.
     0 | D:1      | Reached XP level 1. HP: 18/18 MP: 1/1
   301 | D:1      | Gained mutation: Spells you cast may paralyse adjacent
                  | enemies. [demonic ancestry]
   301 | D:1      | Reached XP level 2. HP: 16/24 MP: 2/2
  1079 | D:1      | Found a faded altar of an unknown god.
  1084 | D:1      | Gained mutation: A weak demonic guardian rushes to your
                  | aid. [demonic ancestry]
  1084 | D:1      | Reached XP level 3. HP: 29/29 MP: 3/3
  1424 | D:2      | HP: 4/29 [poisoned by an adder]
  1745 | D:2      | Discovered your monstrous ancestry.
  1745 | D:2      | Gained mutation: You have sharp fingernails. [demonic
                  | ancestry]
  1745 | D:2      | Reached XP level 4. HP: 15/35 MP: 4/4
  2588 | D:3      | Noticed Sigmund
  2597 | D:3      | Killed Sigmund
  2598 | D:3      | Reached skill level 2 in Unarmed Combat
  2598 | D:3      | Reached XP level 5. HP: 41/41 MP: 5/5
  2621 | D:3      | Found a shimmering altar of Xom.
  2834 | D:3      | Identified the +1 helmet of the Depths {Int+9}
  2834 | D:3      | Noticed Robin
  2852 | D:3      | Gained mutation: You have a pair of small horns on your
                  | head. [demonic ancestry]
  2852 | D:3      | Reached XP level 6. HP: 39/47 MP: 6/6
  2879 | D:3      | Killed Robin
  3049 | D:3      | Identified the +7 dagger "Naesch" {freeze, *Corrode +Blink
                  | rN++ Dex+4}
  3289 | D:4      | Identified the +7 hand axe "Dragonslayer" {venom, Will+}
  3341 | D:4      | HP: 5/47 [black bear (5)]
  3341 | D:4      | HP: 2/47 [black bear (1)]
  3542 | D:4      | Found a burning altar of Makhleb.
  3594 | D:4      | Reached skill level 3 in Unarmed Combat
  3594 | D:4      | Gained mutation: You have very sharp fingernails. [demonic
                  | ancestry]
  3594 | D:4      | Reached XP level 7. HP: 32/52 MP: 7/7
  3888 | D:4      | Found a staircase to the Ecumenical Temple.
  3899 | Temple   | Entered the Ecumenical Temple
  4078 | Temple   | Became a worshipper of Ru the Awakened
  4155 | D:5      | Entered Level 5 of the Dungeon
  4559 | D:5      | Reached skill level 4 in Unarmed Combat
  4900 | D:5      | Gained mutation: Your mind is acute. (Int +4, Str/Dex -1)
                  | [potion of mutation]
  4900 | D:5      | Gained mutation: You passively map a small area around you.
                  | [potion of mutation]
  5050 | D:6      | Gained mutation: You occasionally lose the ability to read
                  | scrolls when taking damage. [Ru sacrifice]
  5050 | D:6      | Gained mutation: You sometimes lose the ability to read
                  | scrolls when taking damage. [Ru sacrifice]
  5050 | D:6      | Reached * piety under Ru
  5090 | D:6      | Reached XP level 8. HP: 40/58 MP: 8/8
  5285 | D:6      | Reached skill level 5 in Armour
  5285 | D:6      | Reached skill level 5 in Unarmed Combat
  5435 | D:6      | Reached skill level 5 in Shields
  5446 | D:6      | Reached skill level 5 in Maces & Flails
  5792 | D:7      | Reached skill level 6 in Unarmed Combat
  5801 | D:7      | Noticed Duvessa
  5801 | D:7      | Noticed Dowan
  5835 | D:7      | Killed Duvessa
  5847 | D:7      | Killed Dowan
  5879 | D:7      | Gained mutation: You have large cloven feet. [demonic
                  | ancestry]
  5879 | D:7      | Reached XP level 9. HP: 61/63 MP: 9/9
  6097 | D:7      | Found a broken altar of Ashenzari.
  6101 | D:7      | Reached skill level 7 in Unarmed Combat
  6165 | D:7      | Found a radiant altar of Vehumet.
  6454 | D:7      | Found an ancient bone altar of Kikubaaqudgha.
  6458 | D:7      | Found an opulent altar of Gozag.
  6463 | D:7      | Found a broken altar of Ashenzari.
  6517 | D:8      | Noticed Joseph
  6532 | D:8      | Killed Joseph
  6621 | D:8      | Reached skill level 8 in Unarmed Combat
  6676 | D:8      | Gained mutation: You are slightly weak-willed. (Will-) [Ru
                  | sacrifice]
  6676 | D:8      | Reached ** piety under Ru
  6842 | D:8      | Noticed Pikel
  6863 | D:8      | Killed Pikel
  6864 | D:8      | Gained mutation: Spells you cast may paralyse nearby
                  | enemies. [demonic ancestry]
  6864 | D:8      | Reached XP level 10. HP: 57/70 MP: 10/10
  6989 | D:8      | Noticed Psyche
  6993 | D:8      | Killed Psyche
  7161 | D:9      | Noticed a fire crab
  7180 | D:9      | Found a transporter.
  7310 | D:9      | Noticed an orc sorcerer
  7337 | D:9      | Reached skill level 9 in Unarmed Combat
  7419 | D:9      | Found a transporter.
  7464 | D:9      | Found Wowuqups's Antique Weapon Shoppe.
  7936 | D:10     | Entered Level 10 of the Dungeon
  8033 | D:10     | Gained mutation: Your casting is slightly disrupted. [Ru
                  | sacrifice]
  8033 | D:10     | Reached *** piety under Ru
  8055 | D:10     | Noticed Grum
  8073 | D:9      | HP: 10/70 [killer bee (4)]
  8074 | D:9      | HP: 4/70 [killer bee (4)]
  8128 | D:9      | HP: 10/70 [warg (10)]
  8131 | D:9      | HP: 2/70 [warg (10)]
  8137 | D:9      | HP: 9/66 [warg (7)]
  8139 | D:9      | HP: 3/66 [poisoned by a killer bee]
  8139 | D:9      | Slain by a wolf

Illustrated notes

Levels and vault maps discovered:
D:1:      psy_arrival_dodecagon, layout_basic,
          hellmonk_ecumenical_altar_heavens_door
D:2:      layout_loops_ring
D:3:      layout_basic, mainiacjoe_overflow_six_doors_small, uniq_sigmund,
          uniq_robin
D:4:      layout_rooms, nicolae_overflow_hidden_temple,
          minmay_temple_entry_purple_smoke
D:5:      layout_basic
D:6:      layout_loops_ring, lightli_minifort
D:7:      layout_basic, mainiacjoe_overflow_catwalk,
          minmay_overflow_temple_star_quad, kennysheep_small_circle,
          uniq_duvessa
D:8:      layout_cave_pools, chequers_serial_rivers_room_b, uniq_joseph,
          uniq_psyche, uniq_pikel
D:9:      gammafunk_wand_slinger, layout_basic, serial_shops,
          nicolae_shop_waterfront
D:10:     layout_rooms, lair_entry_dummy, david_orc_3, gammafunk_ghost_smash,
          minmay_misc_feat_room, uniq_grum
Temple:   nicolae_temple_slightly_damp_pantheon

Skill      XL: |  1  2  3  4  5  6  7  8  9 10 |
---------------+-------------------------------+-----
Maces & Flails | 2 3 4 5 |  5.0
Shields        | 3 4 5 6 7 |  7.5
Armour         | 3 4 5 7 |  7.5
Unarmed Combat | 2 3 4 6 8 9 |  9.5
Fighting       | |  3.0

Action                   |  1- 3 |  4- 6 |  7- 9 | 10-12 || total
-------------------------+-------+-------+-------+-------++-------
Melee: Flail             |   159 |    34 |       |       ||   193
       Unarmed           |       |   117 |   426 |   111 ||   654
       Headbutt          |       |    12 |    71 |    18 ||   101
       Kick              |       |       |    43 |    21 ||    64
Invok: Sacrifice Words   |       |       |     1 |       ||     1
       Sacrifice Essence |       |       |     1 |     1 ||     2
       Draw Out Power    |       |       |       |     1 ||     1
  Use: Potion            |     1 |     5 |     5 |     4 ||    15
       Scroll            |       |       |    15 |     2 ||    17
 Stab: Invisible         |       |       |     2 |       ||     2
Armor: Scale mail        |    62 |       |       |       ||    62
       Ice dragon scales |    50 |    92 |   188 |    79 ||   409
Dodge: Dodged            |    75 |    75 |   144 |    85 ||   379
Block: Buckler           |    42 |    33 |    84 |    35 ||   194
